 Dungeon Crawl Stone Soup version 0.19-a0-467-g6e97241 (webtiles) character file.

52 GlassEater the Sneak (level 4, -6/27 HPs)
             Began as a Kobold Assassin on June 3, 2016.
             Killed from afar by Sigmund (8 damage)
             ... with a puff of flame
             ... on level 2 of the Dungeon.
             The game lasted 00:03:45 (1260 turns).

GlassEater the Sneak (Kobold Assassin)              Turns: 1260, Time: 00:03:45

Health: -6/27      AC:  5    Str:  9    XL:     4   Next: 8%
Magic:  4/4        EV: 15    Int:  9    God:
Gold:   129        SH:  0    Dex: 18    Spells: 0 memorised, 3 levels left

rFire  . . .     SeeInvis .     b - +0 blowgun
rCold  . . .     Gourm    .     c - +0 robe
rNeg   . . .     Faith    .     (shield restricted)
rPois  .         Spirit   .     i - +0 helmet
rElec  .         Dismiss  .     d - +0 cloak
rCorr  .         Reflect  .     (no gloves)
SustAt .         Harm     .     n - +0 pair of boots
MR     .....                    (no amulet)
Stlth  ++++......               (no ring)
                                (no ring)

@: not resistant to hostile enchantments, stealthy
A: carnivore 3
a: no special abilities


You were on level 2 of the Dungeon.
You were very full.

You visited 1 branch of the dungeon, and saw 2 of its levels.

You collected 129 gold pieces.

Inventory:

Hand Weapons
 a - a +2 dagger
 b - a +0 blowgun (weapon)
Missiles
 e - 13 poisoned needles (quivered)
 f - 2 curare-tipped needles
 k - 30 stones
Armour
 c - a +0 robe (worn)
 d - a +0 cloak (worn)
 i - a +0 helmet (worn)
 n - a +0 pair of boots (worn)
Scrolls
 h - 4 scrolls of identify {unknown}
 j - 3 scrolls of teleportation {unknown}
 m - a scroll of enchant weapon {unknown}
Potions
 l - a potion of agility {unknown}
 p - a potion of lignification {unknown}
Comestibles
 g - a meat ration
 o - 2 chunks of flesh


   Skills:
 * Level 2.9 Fighting
 + Level 2.8 Short Blades
 + Level 2.9 Throwing
 + Level 2.2 Dodging
 + Level 5.8 Stealth


You had 3 spell levels left.
You didn't know any spells.

Dungeon Overview and Level Annotations

Branches:
Dungeon (2/15)

Altars:

Annotations:
D:2 Robin, Sigmund


Innate Abilities, Weirdness & Mutations

You are small and have problems with some larger weapons.
You are carnivorous and can eat meat at any time.


Message History

Sigmund misses you. Sigmund casts a spell at you. You resist with some effort.
Sigmund closely misses you. Sigmund casts a spell at you.
The puff of flame hits you!
* * * LOW HITPOINT WARNING * * *
Firing (i - inventory. (,) - cycle):
e - 14 poisoned needles (quivered)
Press: ? - help, Shift-Dir - straight line, f/p - Sigmund
Aim: Sigmund, wielding a scythe and wearing a robe (almost dead, poisoned)
You shoot a poisoned needle.
The poisoned needle closely misses Sigmund.
Sigmund completely misses you.
Some of the chunks of flesh in your inventory have rotted away.
There is a stone staircase leading up here.
Sigmund casts a spell at you. You resist with some effort.
Sigmund gestures at you while chanting. The puff of flame hits you!
You die...

######........ ###########
#........ #.........#
####..#.# #.........#
#..##.# #.........# #.###..
#(.....(..# #######.###..
#.......(.# #...........#
#........(###
#......รท....#
#....@....@.###............
#......<..#...#........)...
#############..............
###............
#............ #............
#######.##... #.###<.
#....##


You could see Sigmund.

Vanquished Creatures
  A worm (D:2)
  4 dart slugs
  A giant gecko (D:1)
  3 bats
  A giant cockroach (D:1)
  12 goblins
  5 hobgoblins
  3 kobolds
  A quokka (D:2)
  2 giant newts
  4 rats
37 creatures vanquished.

Notes
Turn   | Place    | Note
--------------------------------------------------------------
     0 | D:1      | GlassEater the Kobold Assassin began the quest for the Orb.
     0 | D:1      | Reached XP level 1. HP: 12/12 MP: 1/1
   265 | D:1      | Reached XP level 2. HP: 17/17 MP: 2/2
   867 | D:2      | Reached XP level 3. HP: 22/22 MP: 3/3
   895 | D:2      | Noticed Robin
  1169 | D:2      | Noticed Sigmund
  1171 | D:2      | Reached XP level 4. HP: 27/27 MP: 4/4
  1254 | D:2      | HP: 1/27 [Sigmund/puff of flame (7)]
  1260 | D:2      | Killed from afar by Sigmund

Vault maps used:
D:1:      minmay_arrival_pointy
D:2:      nicolae_gozag_zags_fifth_avenue, uniq_robin, uniq_sigmund,
          uniq_jessica

Skill      XL: |  1  2  3 |
---------------+----------+-----
Dodging        | 2 |  2.2
Fighting       | |  2.9
Short Blades   | |  2.8
Throwing       | |  2.9
Stealth        | |  5.8

Action                   |  1- 3 |  4- 6 || total
-------------------------+-------+-------++-------
Melee: Dagger            |    88 |       ||    88
       Blowgun           |       |     2 ||     2
 Fire: Blowgun           |       |    14 ||    14
 Stab: Sleeping          |    14 |       ||    14
  Eat: Chunk             |     9 |       ||     9
Armor: Robe              |    14 |     2 ||    16
Dodge: Dodged            |    51 |    18 ||    69
